[ AOE2 MATCH · #471669816 ]
UnrankedKhitans vs Spanish
[ REPLAY ANALYSIS · EXTRACTED FROM THE RECORDED GAME ]
Feudal
13:07
Castle
18:21
Imperial
38:25
| APM avg | 26.7 |
| APM peak | 64 |
| eAPM avg | 13.1 |
| Villagers / military | 155 / 164 |
Focus
⚔️ 31.3% · 🌾 68.7%
Cavalry Archer ×125 · Camel Scout ×25 · Trebuchet (Packed) ×8 · Iron Pagoda ×4 · Monk ×2
Feudal
14:15
Castle
18:04
Imperial
43:32
| APM avg | 52.8 |
| APM peak | 115 |
| eAPM avg | 25.7 |
| Villagers / military | 181 / 123 |
Focus
⚔️ 31.8% · 🌾 68.2%
Camel Scout ×103 · Hand Cannoneer ×6 · Armored Elephant ×5 · Monk ×3 · Spearman ×3 · Mangonel ×2
Feudal
13:42
Castle
18:02
Imperial
41:43
| APM avg | 38.0 |
| APM peak | 84 |
| eAPM avg | 20.7 |
| Villagers / military | 160 / 101 |
Focus
⚔️ 34.5% · 🌾 65.5%
Spearman ×71 · Conquistador ×26 · Monk ×2 · Battering Ram ×2
Feudal
13:30
Castle
18:04
Imperial
36:13
| APM avg | 38.4 |
| APM peak | 69 |
| eAPM avg | 18.6 |
| Villagers / military | 181 / 321 |
Focus
⚔️ 32.7% · 🌾 67.3%
Eagle Scout ×240 · Spearman ×43 · Archer ×33 · Fishing Ship ×12 · Trebuchet (Packed) ×3 · Monk ×2
Feudal
13:38
Castle
17:08
Imperial
39:12
| APM avg | 28.7 |
| APM peak | 61 |
| eAPM avg | 14.5 |
| Villagers / military | 147 / 90 |
Focus
⚔️ 30.2% · 🌾 69.8%
Keshik ×54 · Cavalry Archer ×34 · Archer ×2
Feudal
13:29
Castle
16:34
Imperial
47:40
| APM avg | 34.6 |
| APM peak | 98 |
| eAPM avg | 18.7 |
| Villagers / military | 162 / 125 |
Focus
⚔️ 24.4% · 🌾 75.6%
Scout Cavalry ×66 · Spearman ×37 · Knight ×15 · Monk ×4 · Battering Ram ×2 · Mangonel ×1
Feudal
14:01
Castle
17:56
Imperial
38:04
| APM avg | 50.9 |
| APM peak | 94 |
| eAPM avg | 27.7 |
| Villagers / military | 225 / 387 |
Focus
⚔️ 29.5% · 🌾 70.5%
Knight ×274 · Scout Cavalry ×113
Feudal
13:24
Castle
25:25
Imperial
49:12
| APM avg | 22.7 |
| APM peak | 69 |
| eAPM avg | 11.6 |
| Villagers / military | 152 / 131 |
Focus
⚔️ 26.9% · 🌾 73.1%
Camel Scout ×116 · Scout Cavalry ×15
Match map
Initial resources + every placement click. Lines = walls · curves = elevation contours. ◆ gold · ⬟ stone · ● berries · ✦ relic · ◌ wall gap
Your base· Open — unwalled flank
tabig's base· Open — 7t gap
black empire custom print's base· Open — unwalled flank
素素村长's base· Open — 10t gap
L-loin's base· Open — unwalled flank
福州黄轩's base· Open — unwalled flank
菊市有大便's base· Open — 2t gap
唐火火's base· Open — unwalled flank
Smoothed initial terrain · ◌ = detected wall gap · hover for details
Inputs per minute
— 93老玩家回归 - - tabig
Build order — 93老玩家回归
First 150 of 266 actions detected
| 0:20 | Build | Town Center |
| 2:28 | Build | House |
| 2:34 | Build | House |
| 2:41 | Create | Villager (Male) ×4 |
| 2:53 | Build | House |
| 3:11 | Build | House |
| 3:23 | Build | House |
| 3:35 | Build | House |
| 3:51 | Create | Villager (Male) |
| 4:32 | Create | Villager (Male) |
| 4:33 | Create | Villager (Male) |
| 4:33 | Create | Villager (Male) |
| 4:52 | Build | House |
| 5:26 | Create | Villager (Male) |
| 5:29 | Build | House |
| 5:35 | Build | Lumber Camp |
| 6:16 | Create | Villager (Male) |
| 6:17 | Create | Villager (Male) |
| 6:37 | Create | Villager (Male) |
| 6:37 | Create | Villager (Male) |
| 6:37 | Create | Villager (Male) |
| 7:13 | Create | Villager (Male) |
| 7:14 | Create | Villager (Male) |
| 7:55 | Build | Mill |
| 7:59 | Create | Villager (Male) |
| 7:59 | Create | Villager (Male) |
| 8:22 | Build | House |
| 8:23 | Build | House |
| 8:28 | Create | Villager (Male) |
| 8:28 | Create | Villager (Male) |
| 9:08 | Build | House |
| 10:07 | Create | Villager (Male) |
| 10:17 | Create | Villager (Male) |
| 10:54 | Research | Feudal Age |
| 11:10 | Build | Barracks |
| 11:16 | Build | House |
| 12:41 | Create | Villager (Male) |
| 12:41 | Create | Villager (Male) |
| 13:07 | Age | Feudal Age |
| 13:11 | Build | Blacksmith |
| 13:18 | Build | Market |
| 13:24 | Build | House |
| 13:31 | Create | Villager (Male) |
| 13:48 | Build | Pasture |
| 14:10 | Create | Villager (Male) |
| 14:23 | Build | Pasture |
| 14:31 | Create | Villager (Male) |
| 14:53 | Build | Pasture |
| 15:02 | Create | Villager (Male) |
| 15:32 | Build | Pasture |
| 15:41 | Research | Castle Age |
| 16:05 | Research | Double-Bit Axe |
| 16:56 | Build | Stable |
| 17:05 | Research | Scale Barding Armor |
| 17:05 | Research | Forging |
| 17:18 | Research | Tech 1014 |
| 17:27 | Research | Loom |
| 17:28 | Create | Villager (Male) |
| 17:59 | Research | Forging |
| 18:21 | Age | Castle Age |
| 18:24 | Create | Villager (Male) |
| 18:29 | Build | Town Center |
| 18:44 | Build | Town Center |
| 18:49 | Create | Villager (Male) |
| 18:49 | Create | Villager (Male) |
| 19:09 | Create | Villager (Male) |
| 19:48 | Build | Monastery |
| 20:19 | Create | Villager (Male) ×4 |
| 20:32 | Build | Pasture |
| 20:36 | Create | Monk |
| 20:39 | Build | Pasture |
| 20:46 | Create | Villager (Male) |
| 20:53 | Build | Pasture |
| 20:58 | Create | Villager (Male) |
| 21:16 | Create | Villager (Male) |
| 21:21 | Create | Villager (Male) |
| 21:31 | Build | Pasture |
| 21:34 | Create | Villager (Male) |
| 21:48 | Create | Villager (Male) |
| 22:02 | Build | House |
| 22:06 | Build | House |
| 22:08 | Build | House |
| 22:10 | Build | House |
| 22:13 | Create | Villager (Male) ×2 |
| 22:15 | Create | Villager (Male) |
| 22:25 | Create | Villager (Male) |
| 22:38 | Build | Pasture |
| 22:57 | Create | Villager (Male) ×3 |
| 23:09 | Build | Town Center |
| 23:11 | Create | Villager (Male) ×2 |
| 23:21 | Create | Villager (Male) |
| 23:31 | Build | House |
| 23:32 | Build | House |
| 23:33 | Build | House |
| 23:35 | Build | House |
| 23:38 | Create | Villager (Male) ×2 |
| 23:52 | Create | Villager (Male) ×2 |
| 24:01 | Build | Stable |
| 24:03 | Build | Stable |
| 24:05 | Create | Villager (Male) |
| 24:12 | Build | Stable |
| 24:15 | Create | Villager (Male) |
| 24:20 | Build | Pasture |
| 25:01 | Research | Husbandry |
| 25:02 | Create | Camel Scout ×3 |
| 25:25 | Create | Villager (Male) ×3 |
| 25:41 | Create | Monk |
| 26:12 | Create | Villager (Male) ×5 |
| 26:19 | Create | Camel Scout |
| 27:27 | Research | Wheelbarrow |
| 27:28 | Research | Town Watch |
| 27:28 | Create | Villager (Male) ×5 |
| 27:45 | Create | Villager (Male) ×3 |
| 27:58 | Build | Siege Workshop |
| 28:05 | Create | Villager (Male) ×3 |
| 28:11 | Create | Camel Scout |
| 28:36 | Create | Camel Scout |
| 28:37 | Create | Camel Scout |
| 28:47 | Create | Iron Pagoda |
| 29:07 | Create | Villager (Male) ×5 |
| 29:14 | Build | Pasture |
| 29:33 | Create | Iron Pagoda |
| 30:06 | Create | Villager (Male) ×5 |
| 30:10 | Build | Stable |
| 30:11 | Build | Stable |
| 30:13 | Build | Stable |
| 30:21 | Create | Iron Pagoda |
| 30:30 | Create | Iron Pagoda |
| 30:34 | Create | Camel Scout ×5 |
| 31:07 | Create | Villager (Male) ×5 |
| 31:08 | Create | Villager (Male) ×4 |
| 31:16 | Build | Lumber Camp |
| 31:23 | Create | Camel Scout ×2 |
| 31:29 | Create | Villager (Male) |
| 31:44 | Build | Castle |
| 31:56 | Build | House |
| 31:57 | Build | House |
| 31:58 | Build | House |
| 31:59 | Build | House |
| 32:00 | Build | House |
| 32:01 | Build | House |
| 32:12 | Research | Hand Cart |
| 32:14 | Create | Villager (Male) |
| 32:24 | Create | Villager (Male) |
| 32:32 | Build | Pasture |
| 32:43 | Create | Camel Scout ×3 |
| 32:51 | Build | Pasture |
| 33:03 | Build | Pasture |
| 33:06 | Build | Pasture |
| 33:20 | Build | Pasture |
Build order — tabig
First 150 of 555 actions detected
| 0:25 | Build | Town Center |
| 2:34 | Create | Villager (Male) |
| 2:35 | Create | Villager (Male) |
| 2:37 | Build | House |
| 2:39 | Create | Villager (Male) |
| 2:39 | Create | Villager (Male) |
| 3:32 | Create | Villager (Male) |
| 3:55 | Create | Villager (Male) |
| 4:28 | Build | Lumber Camp |
| 4:56 | Create | Villager (Male) |
| 4:58 | Build | House |
| 5:02 | Create | Villager (Male) |
| 5:19 | Create | Villager (Male) |
| 5:20 | Create | Villager (Male) |
| 5:49 | Build | House |
| 6:13 | Create | Villager (Male) |
| 6:13 | Create | Villager (Male) |
| 6:13 | Create | Villager (Male) |
| 6:38 | Create | Villager (Male) |
| 7:34 | Create | Villager (Male) |
| 7:48 | Build | Mill |
| 7:49 | Create | Villager (Male) |
| 7:57 | Create | Villager (Male) |
| 8:14 | Create | Villager (Male) |
| 8:49 | Create | Villager (Male) |
| 9:04 | Build | House |
| 9:06 | Create | Villager (Male) |
| 9:27 | Build | House |
| 9:36 | Create | Villager (Male) |
| 9:44 | Build | House |
| 9:48 | Research | Loom |
| 10:06 | Build | House |
| 10:17 | Build | Mining Camp |
| 10:42 | Research | Feudal Age |
| 10:45 | Research | Feudal Age |
| 10:48 | Create | Villager (Male) |
| 11:02 | Create | Villager (Male) |
| 11:34 | Create | Villager (Male) |
| 11:50 | Build | Barracks |
| 11:52 | Build | Palisade Wall |
| 12:00 | Research | Feudal Age |
| 13:12 | Build | Palisade Wall |
| 13:16 | Build | Palisade Gate |
| 13:33 | Build | Palisade Wall |
| 13:39 | Build | House |
| 13:47 | Build | Palisade Wall |
| 13:53 | Create | Villager (Male) |
| 13:54 | Create | Villager (Male) |
| 14:15 | Age | Feudal Age |
| 14:17 | Create | Spearman |
| 14:30 | Build | Stable |
| 14:35 | Build | Blacksmith |
| 14:58 | Create | Spearman |
| 15:24 | Research | Castle Age |
| 15:40 | Research | Double-Bit Axe |
| 16:16 | Create | Scout Cavalry |
| 16:45 | Build | Stable |
| 17:12 | Create | Spearman |
| 17:31 | Create | Villager (Male) |
| 17:36 | Research | Scale Barding Armor |
| 17:51 | Build | House |
| 17:59 | Build | Farm |
| 18:02 | Build | Farm |
| 18:04 | Age | Castle Age |
| 18:04 | Build | Farm |
| 18:07 | Build | Farm |
| 18:08 | Create | Camel Scout |
| 18:14 | Create | Villager (Male) |
| 18:29 | Build | Town Center |
| 18:37 | Build | Town Center |
| 18:40 | Create | Villager (Male) |
| 18:55 | Research | Husbandry |
| 18:56 | Research | Husbandry |
| 18:59 | Build | Farm |
| 19:09 | Build | Farm |
| 19:15 | Create | Villager (Male) |
| 19:26 | Create | Villager (Male) |
| 19:33 | Build | House |
| 19:35 | Build | Palisade Wall |
| 19:38 | Build | Farm |
| 19:39 | Create | Villager (Male) |
| 19:50 | Build | Palisade Wall |
| 19:51 | Create | Villager (Male) |
| 19:59 | Create | Camel Scout |
| 20:14 | Create | Villager (Male) |
| 20:36 | Create | Camel Scout |
| 20:40 | Build | House |
| 20:48 | Create | Villager (Male) |
| 20:50 | Build | Farm |
| 20:53 | Build | Farm |
| 21:11 | Build | Farm |
| 21:12 | Create | Villager (Male) |
| 21:21 | Build | Farm |
| 21:29 | Create | Villager (Male) |
| 21:45 | Create | Villager (Male) |
| 21:54 | Create | Camel Scout |
| 21:55 | Create | Camel Scout |
| 22:15 | Create | Villager (Male) |
| 22:16 | Create | Villager (Male) |
| 22:22 | Build | Monastery |
| 22:33 | Build | Farm |
| 22:34 | Create | Villager (Male) |
| 22:39 | Build | Farm |
| 22:41 | Create | Villager (Male) |
| 22:46 | Build | House |
| 22:49 | Create | Villager (Male) |
| 22:57 | Create | Camel Scout |
| 23:33 | Create | Villager (Male) |
| 23:34 | Create | Villager (Male) |
| 23:40 | Build | Siege Workshop |
| 23:41 | Create | Monk |
| 23:43 | Create | Villager (Male) |
| 23:44 | Create | Villager (Male) |
| 23:47 | Create | Camel Scout |
| 23:51 | Build | Farm |
| 23:53 | Build | Farm |
| 23:59 | Create | Villager (Male) |
| 24:08 | Create | Villager (Male) |
| 24:34 | Create | Villager (Male) |
| 24:43 | Create | Camel Scout |
| 24:46 | Create | Mangonel |
| 25:04 | Create | Villager (Male) |
| 25:05 | Create | Villager (Male) |
| 25:09 | Build | House |
| 25:14 | Build | Town Center |
| 25:17 | Create | Villager (Male) |
| 25:19 | Create | Camel Scout |
| 25:20 | Create | Camel Scout |
| 25:33 | Create | Villager (Male) |
| 25:40 | Create | Armored Elephant |
| 25:43 | Create | Villager (Male) |
| 25:46 | Build | House |
| 25:48 | Build | House |
| 25:57 | Build | Farm |
| 26:22 | Create | Villager (Male) |
| 26:22 | Create | Villager (Male) |
| 26:51 | Create | Villager (Male) |
| 27:00 | Create | Camel Scout |
| 27:01 | Create | Villager (Male) |
| 27:01 | Create | Villager (Male) |
| 27:05 | Build | Farm |
| 27:19 | Create | Villager (Male) |
| 27:19 | Create | Villager (Male) |
| 27:25 | Build | House |
| 27:26 | Build | Stable |
| 27:51 | Create | Villager (Male) |
| 27:52 | Create | Villager (Male) |
| 28:02 | Create | Monk |
| 28:03 | Create | Villager (Male) |
| 28:06 | Research | Bloodlines |
Build order — black empire custom print
First 150 of 433 actions detected
| 0:21 | Build | Town Center |
| 2:47 | Create | Villager (Male) |
| 2:47 | Create | Villager (Male) |
| 2:47 | Create | Villager (Male) |
| 2:47 | Create | Villager (Male) |
| 2:49 | Build | House |
| 4:02 | Create | Villager (Male) |
| 4:31 | Build | House |
| 4:49 | Create | Villager (Male) |
| 4:50 | Create | Villager (Male) |
| 4:50 | Create | Villager (Male) |
| 4:50 | Create | Villager (Male) |
| 5:06 | Build | Lumber Camp |
| 5:20 | Create | Villager (Male) |
| 5:20 | Create | Villager (Male) |
| 5:22 | Build | Lumber Camp |
| 5:56 | Create | Villager (Male) |
| 5:56 | Create | Villager (Male) |
| 6:24 | Create | Villager (Male) |
| 6:32 | Build | House |
| 6:47 | Create | Villager (Male) |
| 7:12 | Create | Villager (Male) |
| 7:12 | Create | Villager (Male) |
| 7:12 | Create | Villager (Male) |
| 7:50 | Create | Villager (Male) |
| 8:11 | Build | House |
| 8:28 | Build | House |
| 8:33 | Create | Villager (Male) |
| 9:04 | Build | Mill |
| 9:15 | Create | Villager (Male) |
| 9:19 | Build | House |
| 9:41 | Create | Villager (Male) |
| 9:50 | Build | House |
| 9:58 | Create | Villager (Male) |
| 10:22 | Create | Villager (Male) |
| 10:52 | Build | Mining Camp |
| 11:01 | Create | Villager (Male) |
| 11:23 | Research | Feudal Age |
| 12:03 | Build | Palisade Wall |
| 12:07 | Build | Palisade Wall |
| 12:08 | Build | Palisade Wall |
| 12:09 | Build | Palisade Wall |
| 12:12 | Build | Palisade Wall |
| 12:13 | Build | Palisade Wall |
| 12:24 | Create | Villager (Male) |
| 12:28 | Build | Palisade Wall |
| 12:29 | Build | Palisade Wall |
| 12:30 | Build | Palisade Wall |
| 12:37 | Build | Mining Camp |
| 12:47 | Build | House |
| 13:06 | Build | Palisade Wall |
| 13:07 | Build | Palisade Wall |
| 13:09 | Build | Palisade Wall |
| 13:11 | Build | Palisade Wall |
| 13:11 | Build | Palisade Wall |
| 13:13 | Build | Palisade Wall |
| 13:42 | Age | Feudal Age |
| 13:45 | Create | Villager (Male) |
| 13:49 | Build | Blacksmith |
| 13:51 | Build | Market |
| 14:20 | Create | Villager (Male) |
| 14:41 | Research | Loom |
| 15:21 | Research | Castle Age |
| 15:28 | Research | Double-Bit Axe |
| 16:16 | Build | Palisade Wall |
| 16:51 | Create | Villager (Male) |
| 17:15 | Build | House |
| 17:47 | Build | Palisade Wall |
| 17:48 | Build | Palisade Wall |
| 17:49 | Build | Palisade Wall |
| 17:52 | Build | Palisade Wall |
| 17:55 | Build | Palisade Wall |
| 17:57 | Build | Palisade Wall |
| 17:58 | Build | Palisade Wall |
| 17:59 | Build | Palisade Wall |
| 18:02 | Age | Castle Age |
| 18:05 | Build | Palisade Wall |
| 18:19 | Build | Castle |
| 18:22 | Create | Villager (Male) |
| 18:28 | Build | Palisade Wall |
| 18:29 | Build | Palisade Wall |
| 18:30 | Build | Palisade Wall |
| 18:32 | Build | Palisade Wall |
| 18:41 | Create | Villager (Male) |
| 18:56 | Create | Villager (Male) |
| 19:22 | Create | Villager (Male) |
| 19:37 | Build | Palisade Wall |
| 19:45 | Create | Conquistador |
| 19:45 | Create | Conquistador |
| 20:01 | Create | Villager (Male) |
| 20:27 | Build | Mill |
| 20:47 | Build | Mill |
| 20:57 | Build | Town Center |
| 21:01 | Create | Conquistador |
| 21:01 | Create | Conquistador |
| 21:24 | Create | Conquistador |
| 21:32 | Create | Villager (Male) |
| 21:32 | Create | Villager (Male) |
| 21:52 | Create | Conquistador |
| 21:53 | Create | Conquistador |
| 22:08 | Create | Conquistador |
| 22:35 | Build | Mill |
| 22:37 | Create | Conquistador |
| 22:44 | Create | Conquistador |
| 22:44 | Create | Conquistador |
| 22:59 | Create | Villager (Male) |
| 22:59 | Create | Villager (Male) |
| 23:02 | Build | Siege Workshop |
| 23:37 | Create | Villager (Male) |
| 23:37 | Create | Villager (Male) |
| 23:37 | Create | Villager (Male) |
| 23:44 | Create | Battering Ram |
| 23:46 | Build | House |
| 23:51 | Research | Horse Collar |
| 23:51 | Research | Horse Collar |
| 24:05 | Create | Conquistador |
| 24:06 | Create | Conquistador |
| 24:14 | Create | Villager (Male) |
| 24:27 | Create | Battering Ram |
| 24:28 | Create | Villager (Male) |
| 24:28 | Create | Villager (Male) |
| 24:42 | Create | Villager (Male) |
| 24:47 | Create | Villager (Male) |
| 24:47 | Create | Villager (Male) |
| 25:02 | Create | Conquistador |
| 25:02 | Create | Conquistador |
| 25:17 | Build | Farm |
| 25:29 | Create | Villager (Male) |
| 25:36 | Create | Villager (Male) |
| 25:43 | Create | Villager (Male) |
| 25:47 | Create | Villager (Male) |
| 26:05 | Create | Villager (Male) |
| 26:06 | Create | Villager (Male) |
| 26:26 | Create | Villager (Male) |
| 26:33 | Create | Villager (Male) |
| 26:37 | Build | Farm |
| 26:39 | Build | Farm |
| 26:40 | Build | Farm |
| 26:47 | Build | Farm |
| 26:47 | Build | Farm |
| 26:52 | Create | Villager (Male) |
| 27:08 | Build | Farm |
| 27:08 | Build | Farm |
| 27:09 | Build | Farm |
| 27:12 | Create | Conquistador |
| 27:35 | Create | Villager (Male) |
| 27:35 | Create | Villager (Male) |
| 27:47 | Create | Villager (Male) |
| 28:00 | Create | Villager (Male) |
| 28:00 | Create | Villager (Male) |
Build order — 素素村长
First 150 of 430 actions detected
| 0:09 | Build | Town Center |
| 2:42 | Create | Villager (Male) |
| 2:42 | Create | Villager (Male) |
| 2:42 | Create | Villager (Male) |
| 2:42 | Create | Villager (Male) |
| 2:42 | Create | Villager (Male) |
| 2:46 | Build | House |
| 3:43 | Create | Villager (Male) |
| 3:43 | Create | Villager (Male) |
| 4:17 | Create | Villager (Male) |
| 4:30 | Build | Lumber Camp |
| 4:33 | Build | House |
| 4:49 | Create | Villager (Male) |
| 4:49 | Create | Villager (Male) |
| 5:17 | Create | Villager (Male) |
| 5:26 | Create | Villager (Male) |
| 5:26 | Create | Villager (Male) |
| 5:37 | Build | House |
| 5:49 | Build | House |
| 5:58 | Create | Villager (Male) |
| 5:58 | Create | Villager (Male) |
| 6:28 | Build | House |
| 6:39 | Create | Villager (Male) |
| 6:39 | Create | Villager (Male) |
| 7:08 | Build | Dock |
| 7:15 | Create | Villager (Male) |
| 7:20 | Build | House |
| 7:40 | Create | Villager (Male) |
| 7:41 | Create | Villager (Male) |
| 7:52 | Create | Fishing Ship |
| 7:58 | Build | House |
| 8:10 | Create | Villager (Male) |
| 8:11 | Create | Villager (Male) |
| 8:11 | Create | Villager (Male) |
| 8:31 | Create | Fishing Ship |
| 8:50 | Build | House |
| 8:57 | Create | Villager (Male) |
| 8:57 | Create | Villager (Male) |
| 9:17 | Build | Mill |
| 9:28 | Create | Fishing Ship |
| 9:29 | Create | Fishing Ship |
| 9:35 | Create | Villager (Male) |
| 9:35 | Create | Villager (Male) |
| 9:51 | Create | Villager (Male) |
| 9:51 | Create | Villager (Male) |
| 9:51 | Create | Villager (Male) |
| 9:56 | Build | House |
| 10:06 | Create | Fishing Ship |
| 10:21 | Create | Villager (Male) |
| 10:21 | Create | Villager (Male) |
| 10:31 | Research | Loom |
| 11:20 | Research | Feudal Age |
| 11:34 | Build | Barracks |
| 12:16 | Create | Fishing Ship |
| 12:21 | Build | House |
| 13:05 | Create | Fishing Ship |
| 13:07 | Create | Villager (Male) |
| 13:16 | Build | House |
| 13:21 | Create | Villager (Male) |
| 13:30 | Age | Feudal Age |
| 13:34 | Build | Archery Range |
| 13:43 | Build | Blacksmith |
| 13:45 | Create | Villager (Male) |
| 14:16 | Create | Fishing Ship |
| 14:28 | Create | Villager (Male) |
| 15:24 | Research | Castle Age |
| 15:38 | Build | Fish Trap |
| 15:42 | Build | Fish Trap |
| 15:46 | Build | Fish Trap |
| 16:00 | Research | Double-Bit Axe |
| 16:23 | Create | Villager (Male) |
| 16:27 | Build | Fish Trap |
| 16:41 | Build | Fish Trap |
| 16:59 | Build | Fish Trap |
| 17:27 | Build | Fish Trap |
| 17:44 | Research | Tech 906 |
| 17:59 | Create | Villager (Male) |
| 18:04 | Age | Castle Age |
| 18:11 | Create | Villager (Male) |
| 18:29 | Build | Archery Range |
| 18:35 | Create | Villager (Male) |
| 18:36 | Create | Villager (Male) |
| 18:46 | Research | Crossbowman (upgrade) |
| 18:47 | Research | Fletching |
| 19:02 | Create | Villager (Male) |
| 19:09 | Build | Town Center |
| 19:19 | Create | Villager (Male) |
| 19:32 | Research | Bow Saw |
| 19:34 | Create | Villager (Male) |
| 19:47 | Create | Villager (Male) |
| 20:20 | Build | Town Center |
| 20:23 | Create | Villager (Male) |
| 20:32 | Create | Villager (Male) |
| 20:42 | Create | Villager (Male) |
| 21:05 | Create | Villager (Male) |
| 21:10 | Build | Monastery |
| 21:24 | Create | Villager (Male) |
| 21:33 | Build | Dock |
| 21:42 | Create | Villager (Male) |
| 21:44 | Create | Villager (Male) |
| 22:07 | Create | Villager (Male) |
| 22:11 | Build | House |
| 22:12 | Build | House |
| 22:13 | Create | Monk |
| 22:15 | Create | Villager (Male) |
| 22:22 | Create | Villager (Male) |
| 22:31 | Create | Villager (Male) |
| 22:34 | Build | Farm |
| 22:35 | Build | Farm |
| 22:39 | Build | Farm |
| 22:40 | Build | Farm |
| 22:41 | Build | Farm |
| 22:49 | Create | Villager (Male) |
| 22:56 | Build | Mill |
| 22:59 | Create | Fishing Ship |
| 23:13 | Create | Spearman |
| 23:13 | Create | Spearman |
| 23:33 | Create | Archer |
| 23:34 | Create | Archer |
| 23:35 | Create | Archer |
| 23:36 | Create | Archer |
| 24:01 | Create | Archer |
| 24:03 | Create | Archer |
| 24:13 | Create | Villager (Male) |
| 24:13 | Create | Villager (Male) |
| 24:13 | Create | Villager (Male) |
| 24:51 | Research | Gillnets |
| 24:55 | Build | House |
| 24:56 | Build | House |
| 24:58 | Build | House |
| 25:06 | Create | Archer ×5 |
| 25:13 | Build | House |
| 25:17 | Create | Monk |
| 25:19 | Create | Villager (Male) |
| 25:20 | Create | Villager (Male) |
| 25:20 | Create | Villager (Male) |
| 25:20 | Create | Villager (Male) |
| 25:31 | Build | University |
| 25:36 | Create | Villager (Male) |
| 25:36 | Create | Villager (Male) |
| 25:37 | Create | Villager (Male) |
| 25:43 | Build | Farm |
| 25:44 | Build | Farm |
| 25:44 | Build | Farm |
| 25:44 | Build | Farm |
| 25:44 | Build | Farm |
| 25:45 | Build | Farm |
| 25:54 | Create | Villager (Male) |
| 26:04 | Create | Villager (Male) |
| 26:09 | Create | Villager (Male) |
Build order — L-loin
First 150 of 411 actions detected
| 0:36 | Build | Town Center |
| 1:47 | Build | House |
| 2:48 | Create | Villager (Male) |
| 2:49 | Create | Villager (Male) |
| 2:49 | Create | Villager (Male) |
| 2:50 | Create | Villager (Male) |
| 2:59 | Build | House |
| 3:14 | Build | House |
| 4:31 | Create | Villager (Male) |
| 4:32 | Create | Villager (Male) |
| 4:43 | Build | House |
| 4:53 | Build | House |
| 5:12 | Build | House |
| 5:38 | Create | Villager (Male) |
| 5:38 | Create | Villager (Male) |
| 5:38 | Create | Villager (Male) |
| 6:13 | Create | Villager (Male) |
| 6:20 | Create | Villager (Male) |
| 6:21 | Create | Villager (Male) |
| 6:41 | Build | Lumber Camp |
| 6:52 | Build | House |
| 7:08 | Create | Villager (Male) |
| 7:20 | Build | House |
| 7:24 | Create | Villager (Male) |
| 7:24 | Create | Villager (Male) |
| 8:09 | Create | Villager (Male) |
| 8:47 | Build | Mill |
| 8:50 | Create | Villager (Male) |
| 8:51 | Create | Villager (Male) |
| 8:51 | Create | Villager (Male) |
| 8:51 | Create | Villager (Male) |
| 8:52 | Create | Villager (Male) |
| 9:35 | Create | Villager (Male) |
| 9:35 | Create | Villager (Male) |
| 9:36 | Create | Villager (Male) |
| 9:52 | Build | House |
| 10:19 | Build | Palisade Wall |
| 10:24 | Build | Palisade Gate |
| 10:26 | Create | Villager (Male) |
| 11:17 | Research | Feudal Age |
| 11:33 | Build | Barracks |
| 12:39 | Build | House |
| 13:12 | Create | Villager (Male) |
| 13:13 | Create | Villager (Male) |
| 13:17 | Research | Loom |
| 13:17 | Create | Villager (Male) |
| 13:18 | Create | Villager (Male) |
| 13:38 | Age | Feudal Age |
| 13:43 | Build | Blacksmith |
| 13:47 | Build | Archery Range |
| 13:52 | Create | Villager (Male) |
| 14:24 | Research | Castle Age |
| 14:39 | Build | Mining Camp |
| 15:46 | Research | Wheelbarrow |
| 15:52 | Research | Double-Bit Axe |
| 15:55 | Research | Wheelbarrow |
| 16:02 | Research | Fletching |
| 16:12 | Build | Archery Range |
| 17:08 | Age | Castle Age |
| 17:11 | Create | Cavalry Archer |
| 17:25 | Research | Bow Saw |
| 17:31 | Create | Cavalry Archer |
| 17:37 | Create | Villager (Male) |
| 17:38 | Create | Villager (Male) |
| 17:57 | Create | Cavalry Archer |
| 18:18 | Build | House |
| 18:19 | Build | House |
| 18:32 | Build | Town Center |
| 18:57 | Research | Padded Archer Armor |
| 19:16 | Create | Villager (Male) |
| 19:24 | Create | Villager (Male) |
| 19:24 | Create | Villager (Male) |
| 19:24 | Create | Villager (Male) |
| 19:39 | Create | Cavalry Archer |
| 20:11 | Create | Villager (Male) |
| 20:11 | Create | Villager (Male) |
| 20:24 | Create | Cavalry Archer |
| 20:29 | Create | Villager (Male) |
| 20:29 | Create | Villager (Male) |
| 20:29 | Create | Villager (Male) |
| 20:33 | Create | Cavalry Archer |
| 20:33 | Create | Cavalry Archer |
| 20:33 | Create | Cavalry Archer |
| 20:53 | Build | Stable |
| 20:59 | Build | House |
| 21:05 | Build | House |
| 21:25 | Build | Town Center |
| 21:39 | Create | Cavalry Archer |
| 21:39 | Create | Cavalry Archer |
| 21:39 | Create | Archer |
| 21:40 | Create | Villager (Male) |
| 21:40 | Create | Villager (Male) |
| 21:40 | Create | Villager (Male) |
| 22:05 | Build | House |
| 22:07 | Build | House |
| 22:09 | Create | Cavalry Archer |
| 22:10 | Create | Cavalry Archer |
| 22:10 | Create | Archer |
| 22:10 | Create | Villager (Male) |
| 22:11 | Create | Villager (Male) |
| 22:39 | Create | Villager (Male) |
| 22:43 | Build | Farm |
| 23:17 | Create | Villager (Male) |
| 23:18 | Create | Villager (Male) |
| 23:47 | Build | University |
| 23:59 | Build | Farm |
| 24:00 | Create | Villager (Male) |
| 24:01 | Create | Villager (Male) |
| 24:01 | Create | Villager (Male) |
| 24:11 | Create | Villager (Male) |
| 24:15 | Create | Cavalry Archer |
| 24:15 | Create | Cavalry Archer |
| 24:16 | Create | Cavalry Archer |
| 24:16 | Create | Cavalry Archer |
| 24:16 | Create | Cavalry Archer |
| 24:16 | Create | Cavalry Archer |
| 24:17 | Create | Cavalry Archer |
| 24:17 | Create | Cavalry Archer |
| 24:17 | Create | Cavalry Archer |
| 25:05 | Build | Farm |
| 25:06 | Build | Farm |
| 25:18 | Build | Farm |
| 25:19 | Create | Villager (Male) |
| 25:19 | Create | Villager (Male) |
| 25:26 | Build | Farm |
| 25:27 | Build | Farm |
| 25:46 | Create | Villager (Male) |
| 25:46 | Create | Villager (Male) |
| 26:01 | Research | Ballistics |
| 26:30 | Create | Villager (Male) |
| 26:30 | Create | Villager (Male) |
| 26:30 | Create | Villager (Male) |
| 27:07 | Build | House |
| 27:08 | Build | House |
| 27:10 | Build | Farm |
| 27:23 | Build | Farm |
| 27:23 | Build | Farm |
| 27:26 | Build | Farm |
| 27:31 | Build | House |
| 27:32 | Build | House |
| 27:33 | Build | House |
| 27:46 | Research | Husbandry |
| 27:46 | Research | Bloodlines |
| 27:50 | Create | Villager (Male) |
| 27:50 | Create | Villager (Male) |
| 27:51 | Create | Villager (Male) |
| 27:51 | Create | Villager (Male) |
| 28:08 | Create | Villager (Male) |
| 28:36 | Build | Town Center |
| 28:58 | Build | Town Center |
Build order — 福州黄轩
First 150 of 414 actions detected
| 0:18 | Build | Town Center |
| 1:41 | Build | House |
| 2:34 | Create | Villager (Male) |
| 2:34 | Create | Villager (Male) |
| 2:34 | Create | Villager (Male) |
| 2:34 | Create | Villager (Male) |
| 2:46 | Build | House |
| 3:01 | Build | House |
| 3:24 | Build | House |
| 3:30 | Create | Villager (Male) |
| 3:30 | Create | Villager (Male) |
| 4:07 | Create | Villager (Male) |
| 4:19 | Build | House |
| 4:47 | Create | Villager (Male) |
| 4:47 | Create | Villager (Male) |
| 5:31 | Create | Villager (Male) |
| 5:31 | Create | Villager (Male) |
| 5:33 | Create | Villager (Male) |
| 6:03 | Create | Villager (Male) |
| 6:03 | Create | Villager (Male) |
| 6:13 | Build | House |
| 6:13 | Create | Villager (Male) |
| 6:13 | Create | Villager (Male) |
| 6:34 | Create | Villager (Male) |
| 6:35 | Create | Villager (Male) |
| 6:43 | Create | Villager (Male) |
| 7:15 | Create | Villager (Male) |
| 7:27 | Build | Lumber Camp |
| 7:36 | Create | Villager (Male) |
| 7:44 | Build | House |
| 8:09 | Build | House |
| 8:14 | Create | Villager (Male) |
| 8:26 | Create | Villager (Male) |
| 8:31 | Build | House |
| 8:35 | Build | House |
| 9:15 | Create | Villager (Male) |
| 9:42 | Build | Mill |
| 9:47 | Create | Villager (Male) |
| 10:43 | Build | Mining Camp |
| 10:49 | Create | Villager (Male) |
| 10:54 | Research | Feudal Age |
| 10:55 | Research | Loom |
| 10:58 | Build | House |
| 11:06 | Build | Palisade Wall |
| 12:27 | Build | Mill |
| 13:29 | Age | Feudal Age |
| 13:36 | Research | Double-Bit Axe |
| 13:46 | Research | Castle Age |
| 13:58 | Build | Stable |
| 14:35 | Build | House |
| 14:56 | Create | Villager (Male) |
| 15:20 | Research | Gold Mining |
| 15:27 | Research | Bloodlines |
| 15:36 | Build | House |
| 15:48 | Create | Villager (Male) |
| 15:57 | Build | Blacksmith |
| 16:02 | Create | Villager (Male) |
| 16:34 | Age | Castle Age |
| 16:35 | Create | Knight |
| 16:35 | Create | Knight |
| 16:48 | Research | Scale Barding Armor |
| 16:57 | Build | Stable |
| 17:30 | Research | Husbandry |
| 17:30 | Create | Knight |
| 17:37 | Research | Forging |
| 17:51 | Create | Villager (Male) |
| 17:51 | Create | Villager (Male) |
| 17:57 | Create | Knight |
| 18:11 | Create | Knight |
| 18:42 | Build | Monastery |
| 18:46 | Create | Knight ×2 |
| 18:47 | Create | Knight ×2 |
| 19:00 | Create | Knight |
| 19:00 | Create | Knight |
| 19:02 | Create | Villager (Male) |
| 19:25 | Build | Mining Camp |
| 19:32 | Build | House |
| 19:33 | Build | House |
| 19:37 | Create | Monk |
| 19:45 | Create | Villager (Male) |
| 20:09 | Create | Knight |
| 20:36 | Create | Knight |
| 20:36 | Create | Knight |
| 20:45 | Build | Siege Workshop |
| 21:03 | Create | Knight |
| 21:05 | Create | Villager (Male) |
| 21:05 | Create | Villager (Male) |
| 21:05 | Create | Villager (Male) |
| 21:29 | Create | Monk |
| 21:33 | Create | Villager (Male) |
| 21:36 | Create | Battering Ram |
| 21:37 | Create | Battering Ram |
| 22:16 | Research | Wheelbarrow |
| 23:46 | Research | Chain Barding Armor |
| 24:19 | Create | Villager (Male) |
| 25:41 | Create | Mangonel |
| 25:56 | Create | Monk |
| 26:28 | Build | Town Center |
| 28:39 | Create | Monk |
| 29:26 | Create | Villager (Male) |
| 30:04 | Build | Town Center |
| 30:26 | Build | Farm |
| 30:26 | Build | Farm |
| 30:27 | Build | Farm |
| 30:27 | Build | Farm |
| 30:27 | Build | Farm |
| 30:27 | Build | Farm |
| 30:28 | Build | Farm |
| 31:07 | Build | Farm |
| 31:09 | Build | Farm |
| 31:17 | Research | Horse Collar |
| 31:25 | Build | Farm |
| 31:58 | Build | Mining Camp |
| 32:01 | Create | Villager (Male) |
| 32:01 | Create | Villager (Male) |
| 32:17 | Create | Villager (Male) |
| 32:29 | Build | Farm |
| 32:33 | Create | Villager (Male) |
| 32:36 | Build | Farm |
| 32:39 | Build | Farm |
| 32:41 | Create | Villager (Male) |
| 32:46 | Build | Farm |
| 32:48 | Build | Farm |
| 33:01 | Build | Farm |
| 33:02 | Create | Villager (Male) |
| 33:02 | Create | Villager (Male) |
| 33:14 | Create | Villager (Male) |
| 33:22 | Build | House |
| 33:23 | Build | House |
| 33:24 | Build | House |
| 33:25 | Build | House |
| 33:26 | Build | House |
| 33:30 | Create | Villager (Male) |
| 33:30 | Create | Villager (Male) |
| 33:30 | Create | Villager (Male) |
| 33:43 | Build | House |
| 33:46 | Create | Villager (Male) |
| 33:46 | Create | Villager (Male) |
| 34:11 | Create | Villager (Male) |
| 34:11 | Create | Villager (Male) |
| 34:11 | Create | Villager (Male) |
| 34:11 | Create | Villager (Male) |
| 34:16 | Build | Farm |
| 34:19 | Create | Villager (Male) |
| 34:23 | Build | House |
| 34:24 | Build | House |
| 34:31 | Create | Villager (Male) |
| 34:31 | Create | Villager (Male) |
| 34:48 | Build | House |
| 35:11 | Create | Villager (Male) |
Build order — 菊市有大便
First 150 of 554 actions detected
| 0:02 | Build | Town Center |
| 0:19 | Build | Lumber Camp |
| 1:01 | Build | House |
| 1:02 | Build | House |
| 1:04 | Build | House |
| 2:16 | Create | Villager (Male) ×4 |
| 3:35 | Create | Villager (Male) |
| 4:15 | Create | Villager (Male) |
| 4:22 | Build | House |
| 4:37 | Create | Villager (Male) |
| 5:05 | Create | Villager (Male) |
| 5:05 | Create | Villager (Male) |
| 5:26 | Create | Villager (Male) |
| 5:48 | Create | Villager (Male) |
| 5:48 | Create | Villager (Male) |
| 5:50 | Create | Villager (Male) |
| 6:06 | Build | Lumber Camp |
| 6:07 | Create | Villager (Male) |
| 6:33 | Create | Villager (Male) |
| 7:03 | Create | Villager (Male) |
| 7:03 | Create | Villager (Male) |
| 7:04 | Create | Villager (Male) |
| 7:26 | Create | Villager (Male) |
| 7:30 | Create | Villager (Male) |
| 7:42 | Build | House |
| 7:46 | Create | Villager (Male) |
| 7:54 | Build | House |
| 8:06 | Build | Mill |
| 8:07 | Create | Villager (Male) |
| 8:49 | Create | Villager (Male) |
| 8:55 | Build | Mill |
| 9:15 | Create | Villager (Male) |
| 9:36 | Create | Villager (Male) |
| 11:04 | Research | Loom |
| 11:04 | Research | Loom |
| 11:05 | Research | Feudal Age |
| 12:36 | Build | Barracks |
| 12:44 | Build | House |
| 13:13 | Create | Villager (Male) |
| 13:36 | Create | Villager (Male) |
| 13:55 | Build | Lumber Camp |
| 14:01 | Age | Feudal Age |
| 14:03 | Build | Stable |
| 14:11 | Build | Blacksmith |
| 14:17 | Build | House |
| 14:28 | Create | Villager (Male) |
| 14:43 | Build | Stone Wall |
| 14:53 | Research | Castle Age |
| 15:20 | Research | Double-Bit Axe |
| 15:24 | Research | Horse Collar |
| 16:13 | Build | Stone Wall |
| 16:35 | Build | Stone Wall |
| 16:40 | Create | Villager (Male) |
| 16:52 | Build | Mining Camp |
| 16:57 | Create | Villager (Male) |
| 17:26 | Create | Villager (Male) |
| 17:56 | Age | Castle Age |
| 17:57 | Research | Heavy Plow |
| 18:00 | Create | Knight ×5 |
| 18:00 | Create | Knight ×5 |
| 18:19 | Build | Farm |
| 18:19 | Build | Farm |
| 18:20 | Build | Farm |
| 18:20 | Build | Farm |
| 18:20 | Build | Farm |
| 18:21 | Build | Farm |
| 18:21 | Build | Farm |
| 18:30 | Create | Villager (Male) |
| 18:57 | Create | Villager (Male) |
| 19:23 | Build | Stone Wall |
| 19:28 | Create | Villager (Male) |
| 19:34 | Build | Farm |
| 19:35 | Build | Farm |
| 19:40 | Create | Knight |
| 19:51 | Build | Stone Wall |
| 20:07 | Build | House |
| 20:09 | Build | House |
| 20:09 | Build | House |
| 20:12 | Create | Villager (Male) |
| 20:12 | Create | Villager (Male) |
| 20:16 | Build | Town Center |
| 20:20 | Research | Scale Barding Armor |
| 20:30 | Create | Villager (Male) |
| 20:46 | Build | Gate |
| 20:54 | Build | Stone Wall |
| 21:08 | Create | Knight |
| 21:08 | Create | Knight |
| 21:15 | Create | Villager (Male) |
| 21:36 | Create | Villager (Male) |
| 21:40 | Create | Villager (Male) |
| 21:40 | Create | Villager (Male) |
| 21:42 | Build | Town Center |
| 21:49 | Build | Farm |
| 21:59 | Create | Villager (Male) |
| 21:59 | Create | Villager (Male) |
| 22:36 | Create | Knight |
| 22:36 | Create | Knight |
| 22:54 | Create | Knight |
| 22:54 | Create | Knight |
| 23:00 | Create | Villager (Male) |
| 23:33 | Create | Villager (Male) |
| 23:34 | Create | Villager (Male) |
| 24:01 | Build | House |
| 24:03 | Build | House |
| 24:33 | Create | Villager (Male) ×2 |
| 24:34 | Create | Villager (Male) ×2 |
| 24:38 | Build | Mill |
| 24:39 | Build | Farm |
| 24:39 | Build | Farm |
| 24:39 | Build | Farm |
| 24:39 | Build | Farm |
| 24:40 | Build | Farm |
| 24:40 | Build | Farm |
| 24:40 | Build | Farm |
| 24:40 | Build | Farm |
| 24:41 | Build | Farm |
| 24:41 | Build | Farm |
| 24:45 | Create | Villager (Male) |
| 25:10 | Create | Villager (Male) |
| 25:16 | Create | Villager (Male) |
| 25:31 | Build | Mill |
| 25:33 | Build | Farm |
| 25:33 | Build | Farm |
| 25:33 | Build | Farm |
| 25:34 | Build | Farm |
| 25:34 | Build | Farm |
| 25:36 | Build | Farm |
| 25:36 | Build | Farm |
| 25:37 | Build | Farm |
| 25:37 | Build | Farm |
| 25:37 | Build | Farm |
| 25:38 | Build | Farm |
| 25:38 | Build | Farm |
| 25:38 | Build | Farm |
| 25:39 | Create | Villager (Male) |
| 26:02 | Build | Town Center |
| 26:08 | Create | Villager (Male) |
| 26:10 | Build | Farm |
| 26:10 | Build | Farm |
| 26:11 | Build | Farm |
| 26:14 | Build | Farm |
| 26:14 | Build | Farm |
| 26:14 | Build | Farm |
| 26:15 | Build | Farm |
| 26:15 | Build | Farm |
| 26:24 | Create | Villager (Male) ×3 |
| 26:40 | Create | Villager (Male) ×2 |
| 26:43 | Build | Mill |
| 26:44 | Build | Farm |
| 26:44 | Build | Farm |
Build order — 唐火火
First 150 of 274 actions detected
| 0:07 | Build | Town Center |
| 0:54 | Build | Lumber Camp |
| 0:58 | Build | House |
| 0:59 | Build | House |
| 2:29 | Create | Villager (Male) |
| 2:30 | Create | Villager (Male) ×3 |
| 3:34 | Build | House |
| 3:45 | Create | Villager (Male) |
| 3:52 | Build | House |
| 4:09 | Build | House |
| 4:23 | Create | Villager (Male) |
| 4:56 | Create | Villager (Male) |
| 5:23 | Research | Loom |
| 5:45 | Create | Villager (Male) ×3 |
| 5:56 | Create | Villager (Male) |
| 6:22 | Build | House |
| 6:29 | Build | House |
| 6:32 | Create | Villager (Male) |
| 6:54 | Create | Villager (Male) |
| 8:06 | Create | Villager (Male) ×4 |
| 8:07 | Create | Villager (Male) |
| 8:21 | Build | Mill |
| 8:52 | Create | Villager (Male) |
| 9:08 | Build | House |
| 9:14 | Create | Villager (Male) |
| 9:24 | Build | House |
| 9:53 | Create | Villager (Male) |
| 10:11 | Create | Villager (Male) |
| 10:17 | Create | Villager (Male) ×3 |
| 10:43 | Build | House |
| 10:44 | Build | House |
| 11:01 | Research | Feudal Age |
| 11:07 | Build | Barracks |
| 11:29 | Build | Mill |
| 12:15 | Build | Mining Camp |
| 12:56 | Create | Villager (Male) ×5 |
| 13:24 | Age | Feudal Age |
| 13:35 | Build | Stable |
| 14:28 | Create | Scout Cavalry ×5 |
| 14:51 | Build | Stable |
| 15:20 | Build | Mill |
| 15:52 | Create | Scout Cavalry ×5 |
| 16:05 | Build | Blacksmith |
| 16:14 | Build | House |
| 16:24 | Create | Scout Cavalry ×5 |
| 16:48 | Research | Scale Barding Armor |
| 17:09 | Research | Forging |
| 17:29 | Build | House |
| 17:30 | Build | House |
| 18:52 | Create | Villager (Male) ×5 |
| 18:52 | Create | Villager (Male) ×4 |
| 20:19 | Build | Mining Camp |
| 22:24 | Build | Market |
| 22:46 | Research | Castle Age |
| 25:25 | Age | Castle Age |
| 25:30 | Build | Town Center |
| 26:53 | Build | Town Center |
| 28:59 | Create | Villager (Male) |
| 29:19 | Build | Stable |
| 29:19 | Build | Stable |
| 29:43 | Create | Villager (Male) ×3 |
| 30:00 | Build | House |
| 30:01 | Build | House |
| 30:01 | Build | House |
| 30:03 | Build | House |
| 30:04 | Build | House |
| 30:25 | Build | Farm |
| 30:28 | Build | Farm |
| 30:28 | Build | Farm |
| 30:28 | Build | Farm |
| 30:29 | Create | Villager (Male) |
| 30:50 | Create | Villager (Male) ×3 |
| 31:14 | Build | Town Center |
| 31:19 | Create | Villager (Male) |
| 31:33 | Create | Villager (Male) |
| 32:00 | Create | Villager (Male) |
| 32:20 | Create | Villager (Male) ×3 |
| 32:24 | Build | House |
| 32:26 | Build | House |
| 32:27 | Build | House |
| 32:28 | Build | House |
| 32:32 | Create | Villager (Male) |
| 32:57 | Research | Double-Bit Axe |
| 33:48 | Create | Villager (Male) ×3 |
| 33:59 | Build | Farm |
| 34:26 | Build | Farm |
| 34:36 | Create | Villager (Male) ×5 |
| 34:43 | Build | Farm |
| 34:48 | Create | Villager (Male) |
| 34:55 | Build | Mining Camp |
| 35:05 | Create | Villager (Male) |
| 35:14 | Build | House |
| 35:15 | Build | House |
| 35:16 | Build | House |
| 35:18 | Create | Villager (Male) ×2 |
| 35:36 | Create | Villager (Male) |
| 35:56 | Create | Villager (Male) ×2 |
| 35:59 | Create | Villager (Male) |
| 36:02 | Build | Farm |
| 36:10 | Create | Villager (Male) |
| 36:13 | Create | Villager (Male) |
| 36:22 | Create | Villager (Male) |
| 36:25 | Build | Farm |
| 36:29 | Build | Farm |
| 36:40 | Research | Horse Collar |
| 36:53 | Research | Gold Mining |
| 37:07 | Create | Villager (Male) |
| 37:10 | Create | Villager (Male) |
| 37:27 | Create | Villager (Male) ×3 |
| 37:37 | Build | House |
| 37:39 | Build | House |
| 37:41 | Build | House |
| 37:42 | Build | House |
| 37:46 | Build | House |
| 37:47 | Build | House |
| 37:48 | Build | House |
| 37:50 | Build | House |
| 37:51 | Build | House |
| 37:52 | Build | House |
| 37:53 | Build | House |
| 37:54 | Build | House |
| 37:56 | Create | Villager (Male) ×3 |
| 38:01 | Create | Villager (Male) |
| 38:13 | Create | Villager (Male) |
| 38:15 | Build | Farm |
| 38:17 | Build | Farm |
| 38:25 | Build | Town Center |
| 38:26 | Create | Villager (Male) ×2 |
| 38:32 | Create | Villager (Male) |
| 38:44 | Create | Villager (Male) |
| 38:50 | Create | Villager (Male) |
| 38:52 | Build | Farm |
| 39:15 | Research | Wheelbarrow |
| 39:25 | Create | Villager (Male) |
| 39:31 | Create | Villager (Male) |
| 39:36 | Create | Villager (Male) |
| 39:40 | Build | Farm |
| 39:43 | Build | Farm |
| 39:45 | Build | Farm |
| 39:45 | Build | Farm |
| 39:46 | Build | Farm |
| 39:46 | Build | Farm |
| 39:46 | Build | Farm |
| 39:46 | Build | Farm |
| 39:47 | Build | Farm |
| 39:49 | Create | Villager (Male) ×2 |
| 39:56 | Create | Villager (Male) |
| 40:06 | Build | Castle |
| 40:10 | Create | Villager (Male) |
| 40:12 | Create | Villager (Male) |
Match timeline
| 7:08 | 素素村长 · first_building Dock |
| 10:19 | L-loin · wall_segment Palisade Wall x15 |
| 11:06 | 福州黄轩 · wall_segment Palisade Wall x1 |
| 11:07 | 唐火火 · first_building Barracks |
| 11:10 | 93老玩家回归 · first_building Barracks |
| 11:33 | L-loin · first_building Barracks |
| 11:34 | 素素村长 · first_building Barracks |
| 11:50 | tabig · first_building Barracks |
| 11:52 | tabig · wall_segment Palisade Wall x2 |
| 12:03 | black empire custom print · wall_segment Palisade Wall x1 |
| 12:07 | black empire custom print · wall_segment Palisade Wall x1 |
| 12:08 | black empire custom print · wall_segment Palisade Wall x1 |
| 12:09 | black empire custom print · wall_segment Palisade Wall x1 |
| 12:12 | black empire custom print · wall_segment Palisade Wall x1 |
| 12:13 | black empire custom print · wall_segment Palisade Wall x1 |
| 12:28 | black empire custom print · wall_segment Palisade Wall x1 |
| 12:29 | black empire custom print · wall_segment Palisade Wall x1 |
| 12:30 | black empire custom print · wall_segment Palisade Wall x1 |
| 12:36 | 菊市有大便 · first_building Barracks |
| 13:06 | black empire custom print · wall_segment Palisade Wall x1 |
| 13:07 | 93老玩家回归 · age_up feudal |
| 13:07 | black empire custom print · wall_segment Palisade Wall x1 |
| 13:09 | black empire custom print · wall_segment Palisade Wall x1 |
| 13:11 | black empire custom print · wall_segment Palisade Wall x1 |
| 13:11 | black empire custom print · wall_segment Palisade Wall x1 |
| 13:12 | tabig · wall_segment Palisade Wall x1 |
| 13:13 | black empire custom print · wall_segment Palisade Wall x1 |
| 13:24 | 唐火火 · age_up feudal |
| 13:29 | 福州黄轩 · age_up feudal |
| 13:30 | 素素村长 · age_up feudal |
| 13:33 | tabig · wall_segment Palisade Wall x1 |
| 13:34 | 素素村长 · first_building Archery Range |
| 13:35 | 唐火火 · first_building Stable |
| 13:38 | L-loin · age_up feudal |
| 13:42 | black empire custom print · age_up feudal |
| 13:47 | tabig · wall_segment Palisade Wall x1 |
| 13:47 | L-loin · first_building Archery Range |
| 13:58 | 福州黄轩 · first_building Stable |
| 14:01 | 菊市有大便 · age_up feudal |
| 14:03 | 菊市有大便 · first_building Stable |
| 14:15 | tabig · age_up feudal |
| 14:30 | tabig · first_building Stable |
| 14:43 | 菊市有大便 · wall_segment Stone Wall x21 |
| 16:13 | 菊市有大便 · wall_segment Stone Wall x15 |
| 16:16 | black empire custom print · wall_segment Palisade Wall x1 |
| 16:34 | 福州黄轩 · age_up castle |
| 16:35 | 菊市有大便 · wall_segment Stone Wall x18 |
| 16:56 | 93老玩家回归 · first_building Stable |
| 17:08 | L-loin · age_up castle |
| 17:47 | black empire custom print · wall_segment Palisade Wall x1 |
| 17:48 | black empire custom print · wall_segment Palisade Wall x1 |
| 17:49 | black empire custom print · wall_segment Palisade Wall x1 |
| 17:52 | black empire custom print · wall_segment Palisade Wall x1 |
| 17:55 | black empire custom print · wall_segment Palisade Wall x1 |
| 17:56 | 菊市有大便 · age_up castle |
| 17:57 | black empire custom print · wall_segment Palisade Wall x1 |
| 17:58 | black empire custom print · wall_segment Palisade Wall x1 |
| 17:59 | black empire custom print · wall_segment Palisade Wall x1 |
| 18:02 | black empire custom print · age_up castle |
| 18:04 | 素素村长 · age_up castle |
| 18:04 | tabig · age_up castle |
| 18:05 | black empire custom print · wall_segment Palisade Wall x1 |
| 18:19 | black empire custom print · first_building Castle |
| 18:21 | 93老玩家回归 · age_up castle |
| 18:28 | black empire custom print · wall_segment Palisade Wall x1 |
| 18:29 | black empire custom print · wall_segment Palisade Wall x1 |
| 18:30 | black empire custom print · wall_segment Palisade Wall x1 |
| 18:32 | black empire custom print · wall_segment Palisade Wall x1 |
| 18:42 | 福州黄轩 · first_building Monastery |
| 19:23 | 菊市有大便 · wall_segment Stone Wall x10 |
| 19:35 | tabig · wall_segment Palisade Wall x6 |
| 19:37 | black empire custom print · wall_segment Palisade Wall x1 |
| 19:48 | 93老玩家回归 · first_building Monastery |
| 19:50 | tabig · wall_segment Palisade Wall x7 |
| 19:51 | 菊市有大便 · wall_segment Stone Wall x4 |
| 20:45 | 福州黄轩 · first_building Siege Workshop |
| 20:53 | L-loin · first_building Stable |
| 20:54 | 菊市有大便 · wall_segment Stone Wall x3 |
| 21:10 | 素素村长 · first_building Monastery |
| 22:22 | tabig · first_building Monastery |
| 23:02 | black empire custom print · first_building Siege Workshop |
| 23:40 | tabig · first_building Siege Workshop |
| 25:25 | 唐火火 · age_up castle |
| 27:58 | 93老玩家回归 · first_building Siege Workshop |
| 29:09 | black empire custom print · first_building Barracks |
| 29:12 | 菊市有大便 · wall_segment Stone Wall x2 |
| 30:06 | black empire custom print · first_building Stable |
| 31:44 | 93老玩家回归 · first_building Castle |
| 31:59 | black empire custom print · first_building Monastery |
| 32:06 | 菊市有大便 · first_building Castle |
| 32:17 | 素素村长 · first_market_buy 100 food |
| 32:59 | 素素村长 · first_market_sell 100 food |
| 34:34 | tabig · first_market_buy 100 food |
| 34:39 | 素素村长 · first_building Castle |
| 34:53 | L-loin · first_building Monastery |
| 36:04 | 93老玩家回归 · first_building Archery Range |
| 36:13 | 素素村长 · age_up imperial |
| 36:34 | L-loin · first_building Castle |
| 38:04 | 菊市有大便 · age_up imperial |
| 38:25 | 93老玩家回归 · age_up imperial |
| 39:12 | L-loin · age_up imperial |
| 39:20 | tabig · first_market_sell 100 wood |
| 39:32 | tabig · first_building Castle |
| 40:06 | 唐火火 · first_building Castle |
| 41:31 | black empire custom print · first_market_buy 100 wood |
| 41:43 | black empire custom print · age_up imperial |
| 43:32 | tabig · age_up imperial |
| 43:35 | 唐火火 · first_building Siege Workshop |
| 43:52 | L-loin · wall_segment Stone Wall x22 |
| 46:16 | L-loin · wall_segment Stone Wall x7 |
| 46:35 | 福州黄轩 · first_building Barracks |
| 47:40 | 福州黄轩 · age_up imperial |
| 47:59 | tabig · first_building Archery Range |
| 48:12 | L-loin · wall_segment Stone Wall x8 |
| 49:05 | L-loin · wall_segment Stone Wall x8 |
| 49:12 | 唐火火 · age_up imperial |
| 51:35 | 93老玩家回归 · tribute_sent a jugador 1 |
| 51:35 | 93老玩家回归 · tribute_sent a jugador 2 |
| 51:35 | 93老玩家回归 · tribute_sent a jugador 3 |
| 51:35 | 93老玩家回归 · tribute_sent a jugador 4 |
| 51:35 | 93老玩家回归 · tribute_sent a jugador 6 |
| 51:35 | 93老玩家回归 · tribute_sent a jugador 7 |
| 51:35 | 93老玩家回归 · tribute_sent a jugador 8 |
| 52:03 | 93老玩家回归 · tribute_sent a jugador 1 |
| 52:03 | 93老玩家回归 · tribute_sent a jugador 2 |
| 52:03 | 93老玩家回归 · tribute_sent a jugador 3 |
| 52:03 | 93老玩家回归 · tribute_sent a jugador 4 |
| 52:03 | 93老玩家回归 · tribute_sent a jugador 6 |
| 52:03 | 93老玩家回归 · tribute_sent a jugador 7 |
| 52:03 | 93老玩家回归 · tribute_sent a jugador 8 |
| 52:10 | black empire custom print · resign |
[ AI ANALYSIS · 1 CREDIT ]
What really happened in this match?
Wolo.gg analyzes every decision: build order, eco, micro, common mistakes by bracket. Personalized analysis on WhatsApp or Discord in 30 seconds.
Civ guide
Khitans
Perfil
Jugador #23589199